AoeStats
← Eldomador

Arabia

511197103Analyzed
1v1 RM · 1mo ago on Oct 4, 2026· 38m 21s· 2 players
Game mode
Random Map
Map size
Tiny (2 player)
Population
200
Speed
Normal
Resources
Standard
Victory
Conquest
Starting age
Dark Age
Ending age
Imperial Age
RankedLock teamsTeams togetherTeam positionsShared explorationLock speedFull tech treeHidden civsTurbo modeCheats
Victory
Defeat
🇨🇳 Tatars · China
856
+15
vs
🇦🇷 Cumans · Argentina
845
-15
Eldomador
9:26 Loom
11:15 Feudal Age
10:18 Loom
12:05 Double-Bit Axe
15:24 Castle Age
18:44 Pikeman
20:33 Squires
22:18 Horse Collar
23:19 Scale Mail Armor
25:52 Stone Mining
26:50 Elite Skirmisher
29:26 Fletching
赵太冶王
7:25 Loom
9:42 Feudal Age
12:08 Double-Bit Axe
14:09 Horse Collar
18:31 Gold Mining
21:00 Castle Age
19:33 Forging
20:49 Scale Barding Armor
21:05 Fletching
22:32 Iron Casting
22:08 Heavy Plow
24:16 Gold Shaft Mining
24:35 Bow Saw
24:56 Bodkin Arrow
25:38 Husbandry
28:43 Chain Barding Armor
29:01 Ballistics
29:03 Padded Archer Armor
30:04 Wheelbarrow
31:27 Hand Cart
31:33 Leather Archer Armor
32:20 Bloodlines
32:45 Stone Mining
37:26 Imperial Age
38:27 Treadmill Crane
39:48 Chemistry
Connection lost

Rejoining the realm…

Still unreachable

The connection could not be restored.

Session expired

The server has moved on; the page needs a fresh start.